 Dungeon Crawl Stone Soup version 0.31.0-32-g396128a36d (webtiles) character file.

Game seed: 7214873620624501896

1 NotreDorf the Caller (level 1, -1/13 HPs)
             Began as a Mummy Summoner on Mar 18, 2024.
             Slain by a quokka (3 damage)
             ... on level 1 of the Dungeon.
             The game lasted 00:00:31 (55 turns).

NotreDorf the Caller (Mummy Summoner)                 Turns: 55, Time: 00:00:32

Health: -1/13      AC:  2    Str: 11    XL:     1   Next: 16%
Magic:  3/4        EV: 12    Int: 14    God:
Gold:   0          SH:  0    Dex: 12    Spells: 4/5 levels left

rFire   x . .        (no weapon)
rCold   + . .        (no shield)
rNeg    + + +        a - +0 robe
rPois   ∞            (no helmet)
rElec   .            (no cloak)
rCorr   .            (no gloves)
SInv    .            (no boots)
Will    .....        (no amulet)
Stlth   ++           (no ring)
HPRegen 0.22/turn    (no ring)
MPRegen 0.09/turn

%: faith
@: no status effects
A: cold resistance 1, negative energy resistance 3, torment resistance 2, heat
vulnerability 1, in touch with death 1, no potions, faith
a: no special abilities


You were on level 1 of the Dungeon.
You visited 1 branch of the dungeon, and saw 1 of its levels.

Inventory:

Armour
 a - a +0 robe (worn)


   Skills:
 - Level 1.5 Dodging
 - Level 1.5 Stealth
 + Level 2.7 Spellcasting
 + Level 3.3 Summonings


You had 4 spell levels left.
You knew the following spells:

 Your Spells              Type           Power      Damage    Failure   Level
a - Summon Small Mammal   Summ           44%        N/A       5%          1

Your spell library contained the following spells:

 Spells                   Type           Power      Damage    Failure   Level
 Call Imp                 Summ           22%        N/A       9%          2
 Call Canine Familiar     Summ           11%        N/A       17%         3
 Summon Blazeheart Golem  Fire/Summ      6%         N/A       73%         4
 Summon Lightning Spire   Summ/Air       6%         N/A       73%         4


Dungeon Overview and Level Annotations

Branches:
Dungeon (1/15)

Altars:


Innate Abilities, Weirdness & Mutations

You are immune to poison.
Your flesh is cold resistant. (rC+)
You are immune to negative energy. (rN+++)
You are immune to unholy pain and torment.
You are vulnerable to heat. (rF-)
You are in touch with the powers of death.
You do not drink.
You have a special connection with the divine. (Faith)


Message History

Your bat hits the endoplasm.
The endoplasm completely misses your bat.
Your bat hits the endoplasm. The endoplasm closely misses your bat.
Your bat hits the endoplasm but does no damage. x2
The endoplasm hits your bat.
Your bat hits the endoplasm. x2; The endoplasm hits your bat.
Your bat hits the endoplasm but does no damage.
The endoplasm hits your bat.
Your bat dies!
Your bat's corpse disappears in a puff of smoke!
The endoplasm barely misses your rat.
Your rat bites the endoplasm.
The endoplasm dies!
You swap places.
A bat and a kobold come into view.
The kobold is wielding a +1 whip of holy wrath.
The kobold shouts!
A quokka comes into view.
Found 15 gold pieces.
You closely miss the bat. The bat closely misses you.
The bat closely misses you.
The kobold hits you with a +1 whip of holy wrath.
You convulse.
Casting: Summon Small Mammal (safe; 5% risk of failure)
Confirm with . or Enter, or press ? or * to list all spells.
The bat completely misses you. The quokka closely misses you.
Your rat closely misses the kobold.
The kobold hits you with a +1 whip of holy wrath.
You convulse.
The bat hits your quokka but does no damage.
You hit the kobold but do no damage. The bat hits you but does no damage.
The bat closely misses you.
The quokka bites you but does no damage.
Your quokka closely misses the bat.
Your rat bites the kobold but does no damage.
The kobold hits you with a +1 whip of holy wrath.
You convulse.
* * * LOW HITPOINT WARNING * * *
You hit the kobold but do no damage. The quokka bites you.
You die...

## . .. ..####.
.$...#.## #...r.#
#...b.#
#...r@###########
#....Kr.........#
#.....######.####
##.#### #.# #.
#.# # #.# #.##
#..# ##.#


You could see a quokka, a bat (ally target), a kobold (ally target), a friendly
quokka (summoned) and a friendly rat (summoned).

Vanquished Creatures (collateral kills)
  An endoplasm (D:1)
1 creature vanquished.

Notes
Turn   | Place    | Note
-------+----------+-------------------------------------------
     0 | D:1      | NotreDorf the Mummy Summoner began the quest for the Orb.
     0 | D:1      | Reached XP level 1. HP: 13/13 MP: 4/4
    55 | D:1      | Slain by a quokka

Illustrated notes

Levels and vault maps discovered:
D:1:      dpeg_arrival_simpleton_b, layout_basic, minmay_surrounded

Action                     || total
---------------------------++-------
  Melee: Unarmed           ||     3
   Cast: Summon Small Mamm ||     3
 Armour: Robe              ||     6
  Dodge: Dodged            ||     5
